 Dungeon Crawl Stone Soup version 0.29-a0-194-g6e3aafee17 (webtiles) character file.

Game seed: 16037645004512801535

271 cyrus the Chopper (level 6, -1/53 HPs)
             Began as a Hill Orc Fighter on Feb 22, 2022.
             Was an Initiate of Beogh.
             Slain by a gnoll
             ... wielding a +6 flail
              (11 damage)
             ... on level 4 of the Dungeon.
             The game lasted 00:07:35 (4751 turns).

cyrus the Chopper (Hill Orc Fighter)                Turns: 4751, Time: 00:07:36

Health: -1/53      AC: 15    Str: 19    XL:     6   Next: 23%
Magic:  6/6        EV:  9    Int: 18    God:    Beogh [......]
Gold:   206        SH:  4    Dex:  8    Spells: 5/5 levels left

rFire   + . .      SeeInvis .   o - +8 falchion of the Living Dead {protect, rF+ rC+ Int+8 Dex-2}
rCold   + . .      Faith    .   c - +0 buckler
rNeg    . . .      Spirit   .   b - +0 scale mail
rPois   .          Reflect  .   (no helmet)
rElec   .          Harm     .   j - +0 cloak
rCorr   .          Rampage  .   (no gloves)
Will    .....                   (no boots)
Stlth   ..........              (no amulet)
HPRegen 0.17/turn               (no ring)
MPRegen 0.10/turn               (no ring)

@: under a protective aura
A: no striking features
a: Renounce Religion


You were on level 4 of the Dungeon.
You worshipped Beogh.
Beogh was noncommittal.
You visited 1 branch of the dungeon, and saw 4 of its levels.

You collected 206 gold pieces.

Inventory:

Hand Weapons
 a - a +0 war axe
 o - the +8 falchion of the Living Dead (weapon) {protect, rF+ rC+ Int+8 Dex-2}
   (You found it on level 2 of the Dungeon)

   It grants its wielder temporary protection when it strikes (+7 to AC).
   Int:       It affects your intelligence (+8).
   Dex:       It affects your dexterity (-2).
   rF:        It protects you from fire.
   rC:        It protects you from cold.
Missiles
 k - a throwing net (quivered)
Armour
 b - a +0 scale mail (worn)
 c - a +0 buckler (worn)
 j - a +0 cloak (worn)
Jewellery
 q - an amulet of magic regeneration
 t - a ring of magical power
 v - a +6 ring of intelligence
Scrolls
 f - a scroll of identify {unknown}
 g - 2 scrolls of enchant armour {unknown}
 h - a scroll of holy word {unknown}
 i - a scroll of amnesia {unknown}
 n - 2 scrolls of teleportation {unknown}
 s - 2 scrolls of brand weapon {unknown}
 x - a scroll of immolation {unknown}
 y - a scroll of summoning {unknown}
Potions
 d - a potion of might
 e - 2 potions of heal wounds {unknown}
 l - a potion of flight {unknown}
 m - 3 potions of magic {unknown}
 p - a potion of attraction {unknown}
 r - a potion of resistance {unknown}
 u - a potion of cancellation {unknown}
 w - a potion of lignification {unknown}
 z - 2 potions of haste {unknown}


   Skills:
 + Level 4.4 Fighting
 + Level 2.4 Long Blades
 + Level 5.0 Axes
 + Level 4.4 Armour
 + Level 0.8 Dodging
 + Level 0.4 Stealth
 + Level 4.0 Shields


You had 5 spell levels left.
You didn't know any spells.
Your spell library was empty.

Dungeon Overview and Level Annotations

Branches:
Dungeon (4/15)
 Temple: D:4-7

Altars:
The Shining One


Message History

The gnoll shaman is healed somewhat.
The gnoll hits you but does no damage.
You hit the gnoll shaman.
The gnoll shaman is almost dead.
The gnoll closely misses you. x2
The gnoll shaman hits you but does no damage.
You block the gnoll's attack.
You closely miss the gnoll shaman.
The gnoll shaman is severely wounded.
The gnoll barely misses you.
The gnoll shaman prays to its god.
The gnoll shaman is healed somewhat.
The gnoll hits you from afar with a +0 spear.
You hit the gnoll shaman but do no damage.
The gnoll shaman is heavily wounded.
You block the gnoll's attack. x2
The gnoll shaman hits you but does no damage.
The gnoll hits you from afar with a +0 spear.
The gnoll hits you but does no damage. You block the gnoll shaman's attack.
You closely miss the gnoll shaman.
The gnoll shaman is heavily wounded.
The gnoll hits you but does no damage. x2; The gnoll hits you with a +6 flail!
The gnoll shaman hits you with a +0 whip.
The gnoll hits you from afar with a +0 spear.
You closely miss the gnoll shaman.
The gnoll shaman is heavily wounded.
The gnoll hits you but does no damage. x2
The gnoll shaman hits you with a +0 whip!
* * * LOW HITPOINT WARNING * * *
The gnoll hits you from afar with a +0 spear.
* * * LOW HITPOINT WARNING * * *
You hit the gnoll shaman.
The gnoll shaman is severely wounded.
The gnoll closely misses you. The gnoll shaman closely misses you.
The gnoll hits you but does no damage.
You slash the gnoll shaman!
You kill the gnoll shaman!
Beogh accepts your kill.
Beogh appreciates your killing of a heretic priest.
The gnoll hits you but does no damage. The gnoll hits you with a +6 flail!
You die...

### ######.##
#.##....##
#...###..## #
##.### ##..##
.. # #..# ##@)#
...## ### #.##
##gg....#
#...##.. # ##.#
#g....# #.....
.# #..# #......
###..#
#.####.##
..###.. ##...
#......##
###..# . ##....
##.###..###
##....# #.....
#.##
##...###.....##
........ ..#
#............#
#......#


You could see 3 gnolls.

Vanquished Creatures
  A phantom (D:4)
  A gnoll shaman (D:4)
  A centaur skeleton (D:4)
  An orc wizard (D:4)
  3 gnolls (D:2)
  4 adders
  6 dart slugs
  10 orcs
  3 ball pythons
  4 bats
  3 endoplasms
  7 giant cockroaches
  4 hobgoblins
  3 kobolds
  A quokka (D:1)
  4 frilled lizards
  7 goblins
  2 rats
65 creatures vanquished.

Vanquished Creatures (others)
  An orc wizard (D:4)
  An orc (D:4)
2 creatures vanquished.

Grand Total: 67 creatures vanquished

Notes
Turn   | Place    | Note
-------+----------+-------------------------------------------
     0 | D:1      | cyrus the Hill Orc Fighter began the quest for the Orb.
     0 | D:1      | Reached XP level 1. HP: 19/19 MP: 1/1
    97 | D:1      | Reached XP level 2. HP: 25/27 MP: 2/2
   217 | D:1      | Reached skill level 3 in Axes
   556 | D:1      | Reached XP level 3. HP: 32/33 MP: 3/3
   924 | D:2      | Reached skill level 4 in Axes
   928 | D:2      | Reached XP level 4. HP: 20/40 MP: 4/4
  1759 | D:2      | Found a glowing golden altar of the Shining One.
  1771 | D:2      | Identified the +8 falchion of the Living Dead {protect, rF+
                  | rC+ Int+8 Dex-2}
  2441 | D:3      | Reached skill level 5 in Axes
  2448 | D:3      | Reached XP level 5. HP: 22/46 MP: 5/5
  3030 | D:3      | Found a faded altar of an unknown god.
  3721 | D:4      | Reached skill level 1 in Long Blades
  3887 | D:4      | Noticed a phantom
  3896 | D:4      | Killed a phantom
  3897 | D:4      | Reached XP level 6. HP: 53/53 MP: 6/6
  4189 | D:4      | Became a worshipper of Beogh the Brigand
  4751 | D:4      | Slain by a gnoll

Illustrated notes

Levels and vault maps discovered:
D:1:      saegor_arrival_miasma, layout_basic, minmay_indecisive_spiral
D:2:      layout_basic, basic_altar
D:3:      layout_basic, basic_ecumenical_altar
D:4:      layout_layer_cave, grunt_ministairs_4, minmay_misc_feat_x,
          nicolae_elevator_lobby_asterisk

Skill      XL: |  1  2  3  4  5 |
---------------+----------------+-----
Axes           | 3 4 5 |  5.0
Fighting       | 4 |  4.4
Armour         | 4 |  4.4
Long Blades    | 2 |  2.4
Shields        | 4 |  4.0
Dodging        | |  0.8
Stealth        | |  0.4

Action                   |  1- 3 |  4- 6 || total
-------------------------+-------+-------++-------
Melee: War axe           |    66 |    30 ||    96
       Falchion          |       |    93 ||    93
Invok: Convert to Beogh  |       |     1 ||     1
Armor: Scale mail        |    30 |   143 ||   173
Dodge: Dodged            |    35 |   101 ||   136
Block: Buckler           |    15 |    35 ||    50

Table legend: (Time is in decaauts)
 A = Elapsed time spent in this place.
 B = Non-inter-level travel time spent in this place.
 C = Inter-level travel time spent in this place.
 D = Time resting spent in this place.
 E = Time spent auto-exploring this place.
 F = Levels seen in this place.
 G = Mean time per level.
                   A        B        C        D        E       F      G
               +--------+--------+--------+--------+--------+-----+--------+
         Total |   4812 |   4791 |     21 |   1462 |   2536 |   4 | 1203.0 |
       Dungeon |   4812 |   4791 |     21 |   1462 |   2536 |   4 | 1203.0 |
               +--------+--------+--------+--------+--------+-----+--------+

Top non-repeatable levels by time:
     D:2: 1580 daAuts
     D:3: 1379 daAuts
     D:4: 1057 daAuts
     D:1: 794 daAuts
